 Dungeon Crawl Stone Soup version 0.21.1 (webtiles) character file.

2524 Fascinator the Skirmisher (level 9, 0/72 HPs)
             Began as a Mummy Fighter on Feb 4, 2018.
             Was a Priest of Okawaru.
             Killed by divine providence
             ... invoked by an orc priest
              (16 damage)
             ... on level 7 of the Dungeon.
             The game lasted 00:19:44 (8102 turns).

Fascinator the Skirmisher (Mummy Fighter)           Turns: 8102, Time: 00:19:45

Health: 0/72       AC: 16    Str: 22    XL:     9   Next: 29%
Magic:  9/9        EV:  4    Int:  8    God:    Okawaru [***...]
Gold:   328        SH: 10    Dex: 11    Spells: 8/8 levels left

rFire    . . .     SeeInvis .   a - +1 war axe
rCold    + . .     Gourm    .   c - +0 shield
rNeg     + + +     Faith    +   d - +0 plate armour
rPois    ∞         Spirit   .   u - +0 helmet
rElec    .         Reflect  .   l - +0 cloak (curse)
rCorr    .         Harm     .   k - +0 pair of gloves
MR       +....                  (no boots)
Stlth    ..........             e - amulet of faith
HPRegen  0.22/turn              m - ring of protection from fire
MPRegen  0.11/turn              n - ring of flight

@: no status effects
A: no food or potions, fire vulnerability, cold resistance 1, negative energy
resistance 3, torment resistance, unbreathing
a: Heroism, Renounce Religion, Evoke Flight


You were on level 7 of the Dungeon.
You worshipped Okawaru.
Okawaru was most pleased with you.
You were not hungry.

You visited 2 branches of the dungeon, and saw 8 of its levels.

You collected 328 gold pieces.

Inventory:

Hand Weapons
 a - a +1 war axe (weapon)
Armour
 b - a +0 scale mail
 c - a +0 shield (worn)
 d - a +0 plate armour (worn)
 k - a +0 pair of gloves (worn)
 l - a cursed +0 cloak (worn)
 u - a +0 helmet (worn)
Jewellery
 e - an amulet of faith (around neck)
 h - an uncursed amulet of guardian spirit {unknown}
 m - a ring of protection from fire (left hand)
 n - a ring of flight (right hand)
 r - an uncursed ring of wizardry {unknown}
 t - a +2 ring of slaying {unknown}
Wands
 o - a wand of enslavement (12)
Scrolls
 g - 8 scrolls of identify {unknown}
 i - 6 scrolls of remove curse {unknown}
 j - 5 scrolls of teleportation {unknown}
 p - a scroll of magic mapping
 q - a scroll of fog
 s - a scroll of blinking
Books
 f - a book of Misfortune

   Spells                             Type                      Level
   a - Confusing Touch                Hexes                        1
   b - Confuse                        Hexes                        3
   c - Gell's Gravitas                Translocation                3
   d - Petrify                        Transmutation/Earth          4
   e - Metabolic Englaciation         Hexes/Ice                    5
   f - Yara's Violent Unravelling     Hexes/Transmutation          5


   Skills:
 + Level 7.0 Fighting
 + Level 5.5 Axes
 + Level 5.8 Armour
 + Level 5.8 Shields


You had 8 spell levels left.
You didn't know any spells.

Dungeon Overview and Level Annotations

Branches:
Dungeon (7/15)             Temple (1/1) D:4

Altars:
Ashenzari
Cheibriados
Dithmenos
Elyvilon
Fedhas
Gozag
Hepliaklqana
Kikubaaqudgha
Makhleb
Nemelex Xobeh
Okawaru
Qazlal
Ru
Sif Muna
Trog
Uskayaw
Vehumet
Wu Jian
Xom
Yredelemnul
Zin
The Shining One

Annotations:
D:6 1 exclusion, Dommiel19's ghost, novice HOFi


Innate Abilities, Weirdness & Mutations

You do not eat or drink.
Your flesh is vulnerable to fire.
You are immune to poison.
Your flesh is cold resistant. (rC+)
You are immune to negative energy. (rN+++)
You are immune to unholy pain and torment.
You can survive without breathing.


Message History

The orc priest shouts!
The crimson imp blinks!
The kobold shoots a poisoned needle.
The poisoned needle barely misses you. You block the orc priest's attack.
The orc priest invokes the aid of Beogh against you.
Beogh smites you!
* * * LOW HITPOINT WARNING * * *
The orc priest hits you but does no damage.
The orc priest hits you but does no damage.
The orc priest looks encouraged for a moment.
The orc priest barely misses you. The worker ant barely misses you.
The howler monkey hoots and howls with incredible vigour!
The orc priest barely misses you.
The worker ant bites you but does no damage.
The crimson imp puffs mist at you.
There is a stone staircase leading up here.
The orc priest invokes the aid of Beogh against you.
Beogh smites you!
You die... #.h ##.K hhK

#.## .#####a)# .
.....o((#####
.#..######.†...#
........##.###.#
....###.o@..##.##
......)YoHa5....#
........oK#.#.#.##
..#####.hK....#..#
....#(.###...(..#
#...K.(.((....#
..................(..
####.#######.########
#. #..#


You could see a hippogriff, an ice beast, a howler monkey, a worker ant, 2 orc
priests, a crimson imp, an orc and 3 kobolds.

Vanquished Creatures
  Pikel (D:3)
  A hornet (D:5)
  3 black bears
  2 ice beasts
  4 slaves (D:3)
  4 ogres
  A big kobold (D:7)
  3 bullfrogs
  4 scorpions
  A howler monkey (D:7)
  A jelly (D:5)
  A crimson imp (D:6)
  A bullfrog skeleton (D:6)
  4 orc priests
  2 hounds
  2 orc wizards
  An iguana (D:4)
  2 worker ants
  A hound skeleton (D:6)
  A worker ant zombie (D:6)
  3 gnolls (D:6)
  5 adders
  A shadow imp (D:5)
  3 oozes
  2 adder skeletons
  2 dart slugs
  3 leopard geckos
  5 orcs
  3 giant cockroaches (D:1)
  5 hobgoblins
  13 jackals
  2 quokkas
  A ball python (D:3)
  5 bats
  5 frilled lizards
  6 goblins
  9 kobolds
  13 rats
126 creatures vanquished.

Vanquished Creatures (others)
  A plant (D:4)
1 creature vanquished.

Grand Total: 127 creatures vanquished

Notes
Turn   | Place    | Note
-------+----------+-------------------------------------------
     0 | D:1      | Fascinator the Mummy Fighter began the quest for the Orb.
     0 | D:1      | Reached XP level 1. HP: 18/18 MP: 1/1
   228 | D:1      | Reached XP level 2. HP: 18/24 MP: 2/2
   778 | D:1      | Reached XP level 3. HP: 29/29 MP: 3/3
  1300 | D:2      | Reached XP level 4. HP: 22/35 MP: 4/4
  2379 | D:4      | Noticed a slave
  2404 | D:3      | Killed a slave
  2607 | D:4      | Reached XP level 5. HP: 42/42 MP: 5/5
  2624 | D:4      | Noticed a slave
  2624 | D:4      | Noticed Pikel
  2626 | D:4      | Noticed a slave
  2639 | D:4      | Noticed a slave
  2658 | D:3      | Killed a slave
  2779 | D:3      | Killed a slave
  2900 | D:3      | Killed a slave
  3078 | D:4      | Reached skill level 4 in Fighting
  3118 | D:3      | Killed Pikel
  3118 | D:3      | Reached XP level 6. HP: 11/50 MP: 6/6
  3118 | D:3      | Reached XP level 7. HP: 12/55 MP: 7/7
  3448 | D:4      | Reached skill level 5 in Fighting
  3463 | D:4      | Found a staircase to the Ecumenical Temple.
  3473 | Temple   | Entered the Ecumenical Temple
  3730 | Temple   | Became a worshipper of Warmaster Okawaru
  3893 | D:4      | Found an ornate altar of the Wu Jian Council.
  4117 | D:4      | Found a sacrificial altar of Ru.
  4605 | D:5      | Entered Level 5 of the Dungeon
  4812 | D:5      | Noticed a hornet
  5148 | D:5      | Reached * piety under Okawaru
  5276 | D:5      | Reached XP level 8. HP: 62/63 MP: 8/8
  6044 | D:5      | Killed a hornet
  6044 | D:5      | Reached ** piety under Okawaru
  6044 | D:5      | Reached skill level 6 in Fighting
  6044 | D:5      | Reached skill level 5 in Armour
  6044 | D:5      | Reached skill level 5 in Shields
  6383 | D:6      | Found a bloodstained altar of Trog.
  6386 | D:6      | Noticed Dommiel19's ghost (novice HOFi)
  6407 | D:5      | Reached skill level 5 in Axes
  7094 | D:6      | Reached XP level 9. HP: 66/71 MP: 9/9
  7114 | D:6      | Reached *** piety under Okawaru
  8078 | D:7      | Reached skill level 7 in Fighting
  8102 | D:7      | Killed from afar by an orc priest

Skill      XL: |  1  2  3  4  5  6  7  8  9 |
---------------+----------------------------+-----
Axes           | 2 3 4 5 |  5.5
Armour         | 3 4 5 |  5.8
Shields        | 3 4 5 |  5.8
Fighting       | 4 5 6 7 |  7.0

Action                   |  1- 3 |  4- 6 |  7- 9 || total
-------------------------+-------+-------+-------++-------
Melee: War axe           |   164 |   179 |   344 ||   687
Evoke: Wand              |       |       |     1 ||     1
  Use: Scroll            |       |       |     6 ||     6
Armor: Plate armour      |   120 |   127 |   286 ||   533
       Scale mail        |     1 |       |       ||     1
Dodge: Dodged            |    25 |    23 |    73 ||   121
Block: Shield            |    95 |    84 |   255 ||   434
